 Dungeon Crawl Stone Soup version 0.16.2-14-g7133f4a77c (webtiles) character file.

1132413 faibistes the Archmage (level 27, 0/181 (182) HPs)
             Began as a Deep Elf Wizard on Sept 22, 2021.
             Was the Champion of Sif Muna.
             Slain by Antaeus
             ... wielding a +3 bardiche of freezing
              (16 damage)
             ... on level 7 of Cocytus on Sept 25, 2021.
             The game lasted 12:12:08 (150331 turns).

faibistes the Archmage (Deep Elf Wizard)          Turns: 150331, Time: 12:12:08

HP:   0/181 (182)   AC: 18    Str:  5 (6)  XL:     27
MP:   43/81         EV: 17    Int: 39 (40) God:    Sif Muna [******]
Gold: 10582         SH:  0    Dex: 13 (14) Spells: 11 memorised, 0 levels left

rFire  + . .     SeeInvis .     w - staff of power
rCold  + . .     Clarity  .     F - +2 robe of the Tick {Contam MP+9 Int+3}
rNeg   + + +     SustAb   .     (no shield)
rPois  ∞         Gourm    .     W - +2 hat
rElec  +         Spirit   .     q - +0 cloak of Filth {rPois rF+ Regen+ Dex-2}
rCorr  .         Warding  .     p - +2 pair of gloves {Dex+3}
rMut   .         Stasis   .     K - +1 pair of boots {Fly}
MR     +++..                    G - amulet of the Stag {+Rage MP+9} (curse)
Stlth  ++........               b - ring of wizardry
                                Z - ring of magical power

@: about to teleport, lich-form, flying, very slightly contaminated, hasted,
deflect missiles, very quick, extremely resistant to hostile enchantments,
unstealthy
A: mutation resistance 1, robust 1, electricity resistance, strong 1
a: End Transformation, Channel Energy, Forget Spell, Renounce Religion, Evoke
Berserk Rage, Stop Flying
}: 10/15 runes: decaying, slimy, silver, golden, abyssal, glowing, magical,
fiery, dark, gossamer


You were on level 7 of Cocytus.
You worshipped Sif Muna.
Sif Muna was exalted by your worship.
You were not hungry.
You were a lich.
You visited 15 branches of the dungeon, and saw 76 of its levels.
You visited Pandemonium 1 time, and saw 26 of its levels.
You visited the Abyss 2 times.
You visited 1 bazaar.
You also visited: Bailey.

You collected 16824 gold pieces.
You spent 6242 gold pieces at shops.

Inventory:

Armour
 p - a +2 pair of gloves of dexterity (worn)
 q - the +0 cloak of Filth (worn) {rPois rF+ Regen+ Dex-2}
   (You found it on level 4 of the Realm of Zot)

   It affects your dexterity (-2).
   It protects you from fire.
   It protects you from poison.
   It increases your rate of regeneration.
 s - the +1 pair of boots "Ycvuewe" {Int+4 Dex+3 SInv}
   (You bought it in a shop in a bazaar)

   It affects your intelligence (+4).
   It affects your dexterity (+3).
   It enhances your eyesight.
 F - the +2 robe of the Tick (worn) {Contam MP+9 Int+3}
   (You found it on level 5 of the Vaults)

   It affects your intelligence (+3).
   It affects your magic capacity (+9).
   It causes magical contamination when unequipped.
 K - a +1 pair of boots of flying (worn)
 W - a +2 hat (worn)
Magical staves
 w - an uncursed staff of power (weapon)
Jewellery
 b - a ring of wizardry (right hand)
 G - the cursed amulet of the Stag (around neck) {+Rage MP+9}
   (You found it on level 3 of the Elven Halls)

   [amulet of rage]

   It affects your magic capacity (+9).
   It lets you go berserk.
   It has a curse placed upon it.
 Z - a ring of magical power (left hand)
Magical devices
 c - a wand of lightning (5)
 g - a wand of hasting (4)
 h - a wand of cold (5)
 n - a wand of fire (2)
 o - a wand of digging (12)
 u - a wand of enslavement (12)
 x - a wand of lightning (6)
 y - a wand of teleportation (4)
 D - a wand of heal wounds (6)
 I - a wand of polymorph (8)
 J - a wand of fireball (1)
 M - a wand of teleportation (4)
 O - a wand of invisibility (4)
 S - a wand of disintegration (13)
 V - a wand of lightning (6)
Scrolls
 a - 3 scrolls of summoning
 e - 10 scrolls of fear
 i - 21 scrolls of teleportation
 j - 10 scrolls of magic mapping
 k - 10 scrolls of immolation
 H - 8 scrolls of recharging
 L - 6 scrolls of blinking
 N - 26 scrolls of identify
 R - 19 scrolls of remove curse
 X - 4 scrolls of holy word
 Y - 11 scrolls of fog
Potions
 f - 14 potions of heal wounds
 l - 12 potions of restore abilities
 r - 10 potions of brilliance
 t - 10 potions of magic
 z - 8 potions of haste
 A - 3 potions of resistance
 B - 23 potions of curing
 P - a potion of cancellation
 Q - 4 potions of cure mutation
 T - 5 potions of flight
 U - 11 potions of invisibility
Miscellaneous
 C - a phial of floods
Comestibles
 d - 29 bread rations
 m - 40 meat rations


   Skills:
 + Level 15.3 Fighting
 - Level 10.0 Dodging
 - Level 2.4 Stealth
 O Level 27 Spellcasting
 + Level 25.6 Conjurations
 - Level 8.2 Charms
   Level 1.1 Summonings
 - Level 21.0 Necromancy
 - Level 14.0 Translocations
 - Level 5.0 Transmutations
 + Level 25.6 Fire Magic
 * Level 25.0 Ice Magic
 - Level 4.8 Air Magic
 + Level 25.6 Earth Magic
   Level 3.6 Poison Magic
 * Level 22.8 Invocations
 - Level 9.0 Evocations


You couldn't memorise any spells.
You knew the following spells:

 Your Spells              Type           Power        Failure   Level  Hunger
a - Lehudib's Crystal Sp  Conj/Erth      ########..   1%          8    N/A
b - Death's Door          Chrm/Necr      ########..   3%          8    N/A
c - Glaciate              Conj/Ice       ########..   1%          9    N/A
d - Controlled Blink      Tloc           N/A          1%          7    N/A
f - Deflect Missiles      Chrm/Air       #######...   1%          6    N/A
h - Haste                 Chrm           #######.     1%          6    N/A
l - Shatter               Erth           ########..   1%          9    N/A
n - Necromutation         Trmt/Necr      ########..   4%          8    N/A
v - Bolt of Fire          Conj/Fire      ########..   0%          6    N/A
x - Force Lance           Conj/Tloc      ########     0%          4    N/A
z - Fire Storm            Conj/Fire      ########..   1%          9    N/A

Dungeon Overview and Level Annotations

Branches:
Dungeon (15/15)            Temple (1/1) D:6            Lair (8/8) D:8
  Swamp (5/5) Lair:4       Spider (5/5) Lair:6        Slime (6/6) Lair:7
    Orc (4/4) D:11            Elf (3/3) Orc:3        Vaults (5/5) D:14
  Crypt (3/3) Vaults:3       Tomb (3/3) Crypt:3      Depths (5/5) D:15
   Hell (1/1)                 Dis (0/7) Hell            Geh (0/7) Hell
    Coc (7/7) Hell            Tar (0/7) Hell            Zot (5/5) Depths:5

Altars:
Ashenzari
Cheibriados
Dithmenos
Elyvilon
Fedhas
Gozag
Kikubaaqudgha
Makhleb
Nemelex Xobeh
Okawaru
Qazlal
Ru
Sif Muna
Trog
Vehumet
Xom
Yredelemnul
Zin
The Shining One
Beogh
Jiyva
Lugonu

Shops:
D:4 [   D:6 (   D:7 **   D:13 =   Orc:2 :   Orc:4 (:!!   Elf:1 *   Vaults:2 }
Depths:5 (

Portals:
Hell: Depths:1 Depths:2 Depths:3 Depths:4 Depths:5
Abyss: Depths:1 Depths:4
Pandemonium: Orc:4 Depths:3 Depths:4 Depths:5
Ziggurat: Depths:1

Annotations:
Depths:4 3 runed doors
Coc:7 Antaeus; faibistes' ghost, legendary DEWz


Innate Abilities, Weirdness & Mutations

You are somewhat resistant to further mutation.
You are robust (+10% HP).
You are resistant to electric shocks.
Your muscles are strong. (Str +2)


Message History

* * * LOW HITPOINT WARNING * * *
Your fire vortex hits Antaeus.
Your fire vortex burns Antaeus!
Antaeus is burned terribly!
Your fire vortex dissipates!
A titan simulacrum comes into view.
Read which item? (? for menu, Esc to quit)
As you read the scroll of teleportation, it crumbles to dust.
You feel strangely unstable.
Evoke which item? (* to show all) (? for menu, Esc to quit)
Zapping:
D - a wand of heal wounds (7)
Press: ? - help, Shift-Dir - straight line, f - you You feel much better.
This wand has 6 charges left.
Antaeus hits you from afar with a bardiche of freezing!!
* * * LOW HITPOINT WARNING * * *
Antaeus freezes you! You resist.
* * * LOW HITPOINT WARNING * * *
Antaeus freezes you.
* * * LOW HITPOINT WARNING * * *
Antaeus hits you from afar with a bardiche of freezing!
You die...

*≈≈.#....#...#,,,,#§#.#*,,*,,,,,*
*≈≈.#........#*,,§.#..#*,,,,,,,,*
**≈≈.#......##*,,,....***,,,,,,*,
*≈≈≈.#....#.##**,v.#***,*,,,,*,≈
**≈≈≈≈.####.≈.####'###*,≈,****,≈≈
*≈≈≈≈≈≈....≈≈≈.#.....#.≈≈≈,,,,≈≈≈
*≈≈≈≈≈≈≈≈≈≈≈≈.#.C.....#.≈≈≈≈≈≈≈≈≈
**≈≈≈≈≈≈≈≈≈≈.#.......v.#,≈≈≈≈≈≈≈≈
*≈≈≈≈≈≈≈≈≈≈.#..L#.....#,≈≈≈≈≈≈≈≈
*≈≈≈≈≈≈≈≈≈≈.#.........#,≈≈≈≈≈≈≈≈
**≈≈≈≈≈≈≈≈≈≈.#.....#.Z.#,≈≈≈≈≈≈≈≈
*≈≈≈≈≈≈≈≈≈≈≈≈.#.......#Z≈≈≈≈≈≈≈≈≈
******≈≈≈≈≈≈≈≈.#..#..#.≈≈≈≈≈≈≈≈≈≈
*≈≈≈≈≈≈≈≈≈.##.##.≈≈≈≈≈≈≈≈≈≈≈
*≈≈≈≈≈≈≈≈≈≈,,≈,,≈≈≈≈≈≈≈≈≈≈≈≈
*≈≈≈≈≈≈≈≈≈≈≈≈≈≈≈≈≈≈≈≈≈≈≈≈≈≈≈
*≈*≈≈*≈***#≈≈≈≈≈********≈*≈≈


You could see Antaeus, a titan simulacrum, a spiny frog skeleton and 2 friendly
fire vortices.

Vanquished Creatures
  Cerebov (Pan)
  Gloorx Vloq (Pan)
  Mnoleg (Pan)
  Lom Lobon (Pan)
  4 orbs of fire (Zot:5)
  7 ancient liches
  29 greater mummies
  6 pandemonium lords (Pan)
  the Lernaean hydra (Swamp:5)
  5 shard shrikes (Coc:7)
  6 Killer Klowns
  Margery (Depths:2)
  Saint Roka (Swamp:3)
  3 curse toes (Zot:4)
  Mara (Spider:5)
  Geryon (Hell)
  10 golden dragons
  Xtahua (Crypt:1)
  4 bone dragons
  Arachne (Spider:2)
  4 electric golems
  5 Brimstone Fiends (Pan)
  17 Ice Fiends
  15 liches
  A spellforged servitor (Abyss:1)
  4 Hell Sentinels (Pan)
  23 Orb Guardians (Zot:5)
  4 titans
  28 tentacled monstrosities
  A quicksilver dragon (Vaults:5)
  3 deep elf blademasters
  2 Shadow Fiends (Pan)
  Asterion (Swamp:1)
  17 acid blobs
  2 deep elf master archers (Elf:3)
  Murray (Hell)
  The ghost of Enish the Black Belt, a mighty DrMo of Gozag (Elf:3)
  13 sphinxes
  Rupert (Spider:1)
  Agnes (Swamp:3)
  19 tentacled starspawn
  8 shadow dragons
  9 ancient champions
  25 Executioners (Pan)
  Frances (Swamp:1)
  4 draconian monks
  4 revenants
  Roxanne (Elf:1)
  11 storm dragons
  6 tengu reavers
  13 azure jellies
  A greater naga (Pan)
  3 iron dragons
  10 ghost moths
  22 vault wardens
  16 frost giants
  27 balrugs
  2 orc warlords
  9 draconian scorchers
  Aizul (Crypt:1)
  Louise (Swamp:3)
  11 deep elf sorcerers
  6 draconian knights
  8 fire giants
  24 emperor scorpions
  4 curse skulls
  16 cacodemons
  7 draconian zealots
  4 warmongers (Pan)
  The ghost of faibistes the Eclecticist, a powerful DEWz of Sif Muna (Elf:1)
  An angel (Pan)
  17 ironheart preservers
  7 ghouls
  7 war gargoyles
  5 spriggan defenders
  5 draconian annihilators
  28 very ugly things
  7 blood saints (Pan)
  4 elemental wellsprings
  4 bennus
  9 draconian shifters
  21 reapers
  4 draconian callers
  13 deep elf annihilators
  19 stone giants
  4 salamander firebrands (Hell)
  6 pale draconians
  A spectral titan (Crypt:2)
  14 grey draconians
  12 lorocyprocas
  A Killer Klown skeleton (Zot:5)
  8 vampire knights
  12 white draconians
  7 black draconians
  12 corrupters (Pan)
  12 green draconians
  9 deep elf demonologists
  5 red draconians
  10 mottled draconians
  The ghost of pedritolo the Unseen, a powerful SpEn of Dithmenos (Slime:6)
  6 purple draconians
  An unborn (Tomb:1)
  7 chaos champions (Pan)
  9 yellow draconians
  7 black suns (Pan)
  6 dire elephants
  13 ettins
  24 blizzard demons
  Snorg (Spider:3)
  37 vault guards
  9 jiangshi
  5 eidola
  9 deep elf death magi
  5 minotaurs
  3 crystal guardians (Crypt:3)
  21 mummy priests
  10 death oozes
  12 green deaths (Pan)
  24 yaktaur captains
  6 quicksilver dragon zombies
  22 fire dragons
  A kraken zombie (Coc:3)
  13 great orbs of eyes
  7 deep elf high priests
  15 death cobs
  3 spriggan air magi
  An ice dragon (shapeshifter) (Depths:4)
  2 quicksilver dragon skeletons
  A spectral shadow dragon (Pan)
  21 hydras
  6 hell beasts (Pan)
  14 alligators
  27 ice dragons
  16 monstrous demonspawn (Pan)
  7 rakshasas
  A ghost crab (Swamp:5)
  12 deep troll earth magi
  10 deep troll shamans
  4 catoblepae
  24 ogre magi
  18 dancing weapons
  15 death yaks
  9 centaur warriors
  A tengu warrior (Depths:3)
  2 anacondas (Pan)
  2 death knights
  7 vampire magi
  2 titan zombies
  2 spriggan berserkers (Depths:5)
  18 thrashing horrors
  A storm dragon zombie (Coc:3)
  The ghost of faibistes the Thaumaturge, a powerful DEWz of Sif Muna (Lair:1)
  2 hell hogs (Hell)
  15 soul eaters
  A fire crab (Vaults:3)
  3 iron golems (Hell)
  12 hell knights
  7 orc high priests
  14 spriggans
  7 titan skeletons
  33 ice devils
  15 wretched stars
  30 death scarabs
  15 infernal demonspawn
  6 iron trolls
  2 spatial maelstroms (Abyss:3)
  2 storm dragon skeletons (Crypt:3)
  72 skeletal warriors
  36 deep elf knights
  A death drake (shapeshifter) (Elf:3)
  A cherub (Pan)
  15 shadow demons
  A fire crab (shapeshifter) (Vaults:4)
  5 anaconda zombies
  9 flayed ghosts
  28 deep trolls
  18 shadow wraiths
  A ghost moth zombie (Coc:7)
  14 necromancers
  20 gelid demonspawn
  A swamp dragon (shapeshifter) (Abyss:2)
  A golden dragon zombie (Crypt:3)
  35 sun demons
  A spectral hydra (Pan)
  6 giant orange brains
  2 shambling mangroves
  3 ice statues
  11 torturous demonspawn (Pan)
  A very ugly thing skeleton (Depths:4)
  7 deep elf summoners
  A quicksilver dragon simulacrum (Coc:7)
  22 anubis guards
  17 swamp dragons
  2 hill giants (shapeshifter) (Vaults:5)
  3 harpies (Vaults:2)
  A lindwurm (Lair:8)
  A death drake (Abyss:3)
  29 deep elf conjurers
  14 unseen horrors
  7 hill giants
  28 orc knights
  A sphinx zombie (Vaults:3)
  65 starcursed masses
  2 anaconda skeletons
  13 putrid demonspawn
  6 golden dragon skeletons
  A glowing shapeshifter (Vaults:5)
  28 ironbrand convokers
  2 frost giant zombies (Coc:7)
  10 orc sorcerers
  46 ugly things
  6 shadow dragon skeletons
  A mana viper (shapeshifter) (Vaults:4)
  3 stone giant zombies
  A hornet (shapeshifter) (Vaults:4)
  22 orb spiders
  6 cyclopes
  2 oklob plants
  An iron dragon zombie (Depths:4)
  9 hornets
  37 wolf spiders
  2 manticores
  11 wizards
  11 phantasmal warriors
  33 sixfirhies
  7 worldbinders
  10 shining eyes
  A spectral shock serpent (Crypt:2)
  3 fire giant zombies
  26 moths of wrath
  An iron dragon skeleton (Coc:7)
  2 dire elephant zombies
  8 griffons
  4 frost giant skeletons
  6 centaur zombies
  6 black mambas
  A sphinx skeleton (Vaults:3)
  2 guardian serpents (shapeshifter)
  3 apocalypse crabs
  2 ugly thing skeletons
  Maurice (D:9)
  An eye of devastation (shapeshifter) (Elf:2)
  3 gargoyles
  5 elephants (Lair:8)
  3 guardian serpents
  Joseph (Orc:1)
  46 smoke demons
  A molten gargoyle (Depths:3)
  A salamander (Depths:5)
  A black mamba (shapeshifter) (Vaults:5)
  A fire giant skeleton (Pan)
  A spiny frog (shapeshifter) (D:15)
  A stone giant skeleton (Abyss:2)
  22 vault sentinels
  5 spectral swamp worms (Depths:5)
  2 titan simulacra (Coc:7)
  42 orange demons
  3 dire elephant skeletons
  4 torpor snails
  An emperor scorpion zombie (Abyss:3)
  8 eyes of devastation
  A shock serpent skeleton (Crypt:2)
  11 storm dragon simulacra
  8 rust devils
  A grey draconian zombie (Zot:2)
  19 spiny frogs
  5 fire drakes
  6 hellions
  An elephant slug zombie (Crypt:2)
  A green draconian zombie (Zot:2)
  32 demonic crawlers
  3 catoblepas skeletons
  11 komodo dragons
  63 yaktaurs
  A black draconian skeleton (Crypt:1)
  21 deep elf priests
  40 guardian mummies
  A tengu conjurer (Depths:3)
  24 blue devils
  12 efreet
  4 anaconda simulacra (Coc:7)
  A minotaur zombie (Crypt:2)
  8 hydra zombies
  16 ancient zymes
  5 human skeletons
  8 tormentors
  45 hellwings
  33 freezing wraiths
  8 polar bears (Lair:8)
  2 harpy zombies
  21 red devils
  155 fire vortices
  A moth of wrath zombie (Crypt:1)
  5 trolls
  A wolf spider simulacrum (Abyss:2)
  Prince Ribbit (D:9)
  30 jumping spiders
  5 blink frogs
  A snapping turtle (shapeshifter) (Vaults:5)
  12 giant leeches
  9 ravens
  14 bog bodies
  6 boulder beetles
  5 alligator zombies
  2 shadow dragon simulacra
  An ice dragon zombie (Crypt:3)
  22 two-headed ogres
  3 harpy skeletons
  A hornet zombie (Crypt:1)
  An iron dragon simulacrum (Tomb:1)
  A slime creature (shapeshifter) (Vaults:1)
  A blink frog (shapeshifter) (Vaults:4)
  3 hydra skeletons
  2 fire dragon zombies
  15 ushabtiu
  12 baby alligators
  22 raiju
  59 redbacks
  95 slime creatures
  An ettin zombie (Vaults:5)
  5 basilisks
  A frost giant simulacrum (Coc:7)
  27 trapdoor spiders
  31 tarantellas
  4 ettin skeletons
  A wandering mushroom (Zot:4)
  A trapdoor spider (shapeshifter) (Depths:1)
  32 yaks
  85 flying skulls
  A human simulacrum (Vaults:3)
  3 air elementals (Depths:4)
  2 fire dragon skeletons
  An alligator skeleton (Hell)
  17 shadows
  2 wyverns
  30 small abominations
  A dire elephant simulacrum (Pan)
  4 ice dragon skeletons
  A hog (shapeshifter) (Abyss:2)
  12 water elementals
  17 wraiths
  2 centaur simulacra
  5 fire elementals
  48 deep elf magi
  7 vampires
  40 ynoxinuls
  A hippogriff (shapeshifter) (D:14)
  Eustachio (D:6)
  A human (shapeshifter) (Vaults:3)
  21 vampire mosquitoes
  2 black mamba skeletons
  6 golden eyes
  A golden eye (shapeshifter) (Vaults:4)
  13 chaos spawn
  40 neqoxecs
  56 deep elf fighters
  A steam dragon (Lair:7)
  13 wargs
  6 hungry ghosts
  A hill giant skeleton (D:15)
  10 hippogriffs
  23 swamp worms
  20 insubstantial wisps
  7 spatial vortices
  11 wolves
  6 hydra simulacra
  A putrid demonspawn zombie (Crypt:2)
  A mottled dragon (Zot:2)
  6 spiny frog zombies
  30 water moccasins
  A fire dragon simulacrum (Coc:3)
  A soldier ant (D:12)
  19 spiders
  An ogre skeleton (Vaults:3)
  A soldier ant (shapeshifter) (Vaults:1)
  A dwarf (shapeshifter) (D:14)
  71 large abominations
  10 swamp drakes
  12 black bears
  21 ice beasts
  8 porcupines
  2 eyes of draining (shapeshifter)
  13 eyes of draining
  An ettin simulacrum (Tomb:3)
  4 necrophages
  A baby alligator skeleton (Swamp:4)
  4 sky beasts
  7 hell hounds
  3 spiny frog skeletons
  A porcupine (shapeshifter) (Depths:2)
  17 wasps
  60 orc warriors
  A black bear (shapeshifter) (Elf:3)
  An ice dragon simulacrum (Abyss:3)
  3 phantoms
  12 centaurs
  2 swamp dragon zombies
  65 ogres
  4 snapping turtle skeletons
  7 lost souls
  An elephant skeleton (Lair:8)
  Duvessa (D:9)
  8 boggarts
  An elf zombie (Crypt:2)
  13 crocodiles
  A spectral human (Tomb:3)
  3 big kobolds
  3 boring beetles
  6 brain worms
  A wyvern zombie (D:8)
  Blork the orc (D:9)
  3 yaktaur skeletons
  25 giant frogs
  5 earth elementals
  A deep troll simulacrum (Vaults:5)
  8 scorpions
  28 wights
  A snapping turtle simulacrum (Abyss:2)
  2 water moccasin skeletons
  3 wyvern skeletons
  A yak skeleton (Lair:6)
  A troll zombie (Crypt:1)
  A spriggan skeleton (Depths:3)
  12 electric eels
  13 killer bees
  A polar bear skeleton (Lair:8)
  Dowan (D:9)
  10 crimson imps
  A wolf zombie (Crypt:1)
  7 goliath beetles
  A giant frog zombie (Crypt:1)
  2 human zombies
  4 giant frog skeletons
  43 orc priests
  12 quasits
  4 centaur skeletons
  19 jellies
  12 hell rats
  19 hounds
  8 iguanas
  13 iron imps
  A bog body skeleton (Swamp:5)
  12 worker ants
  10 elf skeletons
  39 orc wizards
  A spectral scorpion (Crypt:2)
  A two-headed ogre skeleton (Crypt:2)
  32 sheep
  A worker ant (shapeshifter) (Elf:2)
  2 killer bee zombies
  A naga zombie (Coc:7)
  A tengu zombie (Crypt:3)
  Ijyb (D:7)
  Jessica (D:3)
  A big kobold zombie (Crypt:1)
  2 hound zombies
  2 hound skeletons
  6 worker ant zombies
  41 mummies
  76 river rats
  32 adders
  17 gnolls
  A swamp drake zombie (Crypt:2)
  A giant mite (D:9)
  13 shadow imps
  A giant eyeball (Pan)
  39 ufetubi
  14 white imps
  5 worms
  5 orc zombies (Orc:4)
  2 adder zombies
  A sheep skeleton (D:15)
  2 adder skeletons (D:6)
  5 giant geckos
  226 orcs
  A bat skeleton (D:7)
  A bat zombie (D:5)
  36 hobgoblins
  13 jackals
  6 quokkas
  4 ball pythons
  9 bats
  4 giant cockroaches
  5 giant newts
  3 giant spores
  40 goblins
  34 kobolds
  5 lurking horrors
  6 orc skeletons
  2 quokka skeletons
  17 rats
  2 river rat skeletons (Lair:6)
  3 ballistomycetes
  25 blocks of ice
  4 crawling corpses (Elf:3)
  An eldritch tentacle segment (Coc:3)
  3 fungi
  3 plants
  8 starspawn tentacles
  3 starspawn tentacle segments
  A tentacle (Coc:3)
  2 tentacle segments (Coc:3)
5446 creatures vanquished.

Vanquished Creatures (collateral kills)
  the royal jelly (Slime:6)
  An ancient lich (Tomb:1)
  Khufu (Tomb:3)
  2 Killer Klowns (Zot:5)
  5 liches
  2 Orb Guardians (Zot:5)
  2 acid blobs (Slime:6)
  A sphinx (Vaults:2)
  2 thorn hunters (Swamp:4)
  A blood saint (Pan)
  A daeva (Pan)
  A frost giant (Depths:4)
  A draconian scorcher (Zot:4)
  A cacodemon (Pan)
  An emperor scorpion (Tomb:1)
  2 deep elf sorcerers
  2 ironheart preservers
  4 very ugly things
  A spriggan defender (Depths:3)
  A reaper (Pan)
  A black draconian (Zot:3)
  A Killer Klown skeleton (Zot:5)
  5 dire elephants
  A deep elf annihilator (Vaults:1)
  A black sun (Pan)
  A pale draconian (Zot:2)
  A yellow draconian (Abyss:1)
  An unborn (Tomb:1)
  An ettin (Depths:4)
  2 fire dragons
  2 blizzard demons
  A yaktaur captain (Vaults:2)
  5 starcursed masses
  3 ice dragons
  Erica (Elf:1)
  A dancing weapon (Elf:2)
  2 alligators
  6 death yaks (Depths:3)
  3 ogre magi
  A centaur warrior (Depths:4)
  A vampire mage (Depths:2)
  A sun demon (Depths:4)
  A soul eater (Depths:4)
  A deep elf knight (Elf:2)
  A wretched star (Abyss:2)
  2 iron trolls (Depths:2)
  A death scarab (Tomb:2)
  2 deep trolls
  A deep elf summoner (Elf:1)
  A wizard (Pan)
  A flayed ghost (Vaults:3)
  3 ironbrand convokers
  An anubis guard (Tomb:3)
  A harpy (Vaults:3)
  A necromancer (Vaults:2)
  14 ugly things
  2 hornets (Vaults:3)
  A wolf spider (shapeshifter) (Depths:1)
  An orc knight (Vaults:4)
  A hornet (shapeshifter) (Vaults:3)
  2 phantasmal warriors
  An octopode (shapeshifter) (Depths:4)
  A sixfirhy (Pan)
  A moth of wrath (Zot:2)
  3 elephants (Lair:8)
  2 smoke demons
  A vault sentinel (Vaults:3)
  3 torpor snails
  A komodo dragon (Lair:8)
  5 yaktaurs
  3 orange demons
  2 molten gargoyles (Depths:3)
  A demonic crawler (Pan)
  2 hellwings
  3 spiny frogs
  A fire drake (Lair:5)
  2 deep elf priests
  A guardian mummy (Tomb:1)
  A blue devil (Pan)
  3 large abominations
  A giant leech (Swamp:2)
  A two-headed ogre (Vaults:1)
  2 freezing wraiths
  7 slime creatures
  2 boulder beetles (Lair:8)
  5 blink frogs
  A spriggan (Swamp:2)
  2 air elementals (Depths:4)
  A flying skull (Tomb:3)
  A baby alligator (Swamp:2)
  A basilisk (Lair:4)
  A ynoxinul (Orc:4)
  An alligator skeleton (Swamp:2)
  A fire dragon skeleton (Coc:7)
  2 fire elementals (Depths:3)
  3 deep elf fighters
  4 deep elf magi
  A vampire mosquito (Vaults:1)
  A neqoxec (Pan)
  2 yaks
  2 wargs (Lair:8)
  2 golden eyes
  5 wolves (Lair:8)
  An insubstantial wisp (Swamp:2)
  2 swamp worms
  3 porcupines
  An ice beast (Lair:4)
  A water moccasin (Lair:8)
  A small abomination (Abyss:2)
  2 black bears (Lair:8)
  A hell hound (Lair:8)
  4 hounds
  An eye of draining (Slime:6)
  7 orc warriors
  A snapping turtle zombie (Crypt:3)
  A swamp drake (Swamp:2)
  6 boggarts
  9 ogres
  A crocodile (Lair:3)
  6 orc zombies
  3 giant frogs
  A scorpion (D:14)
  5 jellies
  An iguana (Lair:2)
  An orc wizard (Orc:3)
  2 orc priests
  An iron imp (Depths:5)
  2 sheep (D:15)
  9 mummies
  A gnoll (D:4)
  9 river rats
  A shadow imp (Depths:5)
  4 adders
  2 giant eyeballs (Pan)
  12 ufetubi
  31 orcs
  A hobgoblin (Orc:3)
  4 jackals (Lair:8)
  2 quokkas
  An orc skeleton (Orc:4)
  4 crawling corpses (Elf:3)
  13 fungi
  2 plants
  A starspawn tentacle (Abyss:3)
360 creatures vanquished.

Vanquished Creatures (others)
  3 eldritch tentacles
  An unborn (Tomb:2)
  A Killer Klown skeleton (Zot:5)
  7 very ugly thing skeletons
  A spriggan berserker (Depths:3)
  2 spriggans (Depths:3)
  A titan skeleton (Tomb:2)
  A deep troll (Depths:5)
  A storm dragon skeleton (Zot:5)
  An anaconda zombie (Coc:7)
  33 death scarabs (Tomb:2)
  2 golden dragon skeletons
  2 shadow dragon skeletons (Depths:5)
  18 ugly thing skeletons
  2 sphinx skeletons (Vaults:4)
  A moth of wrath (Zot:5)
  5 stone giant skeletons
  32 human skeletons
  A draconian skeleton (Depths:5)
  2 frost giant skeletons
  2 fire giant skeletons
  2 dire elephant skeletons
  6 spriggan skeletons
  A hellwing (Pan)
  2 catoblepas skeletons
  26 yaktaur skeletons
  4 death yak skeletons
  3 iron troll skeletons
  A yellow draconian skeleton (Depths:5)
  780 fire vortices
  5 hydra skeletons
  3 harpy skeletons (Vaults:2)
  An ice dragon skeleton (Depths:2)
  3 ettin skeletons
  2 griffon skeletons
  12 flying skulls
  8 fire dragon skeletons
  2 alligator skeletons
  2 black mamba skeletons
  2 hill giant skeletons
  2 tengu skeletons
  2 raven skeletons (Depths:3)
  4 baby alligator skeletons
  2 gelid demonspawn skeletons (Orc:4)
  16 deep troll skeletons
  A wasp (Depths:3)
  A centaur (Depths:4)
  3 spiny frog skeletons
  A manticore skeleton (Depths:1)
  3 swamp dragon skeletons
  2 blink frog skeletons
  A lost soul (Crypt:2)
  A fire drake skeleton (Lair:8)
  3 komodo dragon skeletons
  2 hell hound skeletons (Lair:8)
  2 cyclops skeletons
  6 hound skeletons (Lair:8)
  6 water moccasin skeletons
  4 polar bear skeletons (Lair:8)
  2 warg skeletons
  2 hippogriff skeletons (Lair:8)
  A raiju skeleton (Lair:8)
  A quasit (Pan)
  6 yak skeletons
  An iron imp (Pan)
  A jelly (Slime:6)
  2 centaur skeletons (Depths:4)
  A giant frog skeleton (Swamp:5)
  5 wolf skeletons (Lair:8)
  58 elf skeletons
  6 two-headed ogre skeletons
  A bog body skeleton (Swamp:3)
  6 black bear skeletons (Lair:8)
  A crocodile skeleton (Lair:2)
  31 ogre skeletons
  3 hell rat skeletons
  A steam dragon skeleton (Lair:7)
  2 swamp drake skeletons (Swamp:5)
  6 sheep skeletons
  An adder skeleton (Lair:7)
  2 orcs
  3 goblin skeletons
  3 jackals (D:10)
  A jackal skeleton (Lair:8)
  2 lurking horrors (Abyss:3)
  91 orc skeletons
  A quokka skeleton (Lair:7)
  13 river rat skeletons
  64 blocks of ice
  221 eldritch tentacle segments
  54 fungi
  22 plants
  17 starspawn tentacles
  338 starspawn tentacle segments
  8 tentacles
  153 tentacle segments (Coc:3)
2177 creatures vanquished.

Grand Total: 7983 creatures vanquished

Notes
Turn   | Place    | Note
--------------------------------------------------------------
     0 | D:1      | faibistes, the Deep Elf Wizard, began the quest for the Orb.
     0 | D:1      | Reached XP level 1. HP: 10/10 MP: 6/6
   462 | D:1      | Reached XP level 2. HP: 15/15 MP: 7/10
   498 | D:1      | Learned a level 2 spell: Blink
   501 | D:1      | Learned a level 2 spell: Call Imp
  1076 | D:1      | Reached skill level 5 in Spellcasting
  1437 | D:2      | Reached XP level 3. HP: 19/19 MP: 12/14
  1442 | D:2      | Learned a level 3 spell: Conjure Flame
  1447 | D:2      | Learned a level 3 spell: Mephitic Cloud
  1769 | D:2      | Found a glowing golden altar of the Shining One.
  1903 | D:2      | Reached XP level 4. HP: 24/24 MP: 12/17
  1974 | D:2      | Learned a level 2 spell: Repel Missiles
  2329 | D:2      | Found a burning altar of Makhleb.
  2740 | D:3      | Noticed Jessica
  2750 | D:3      | Killed Jessica
  2849 | D:4      | Reached skill level 6 in Spellcasting
  2849 | D:4      | Reached XP level 5. HP: 19/28 MP: 15/20
  3210 | D:3      | Found an iron altar of Okawaru.
  3628 | D:4      | Found Fythraja's Antique Armour Boutique.
  3716 | D:4      | Noticed an ogre
  3732 | D:4      | Killed an ogre
  3732 | D:4      | Reached XP level 6. HP: 32/32 MP: 6/22
  3865 | D:5      | Entered Level 5 of the Dungeon
  4313 | D:4      | Reached skill level 5 in Dodging
  4489 | D:4      | Reached XP level 7. HP: 30/36 MP: 5/24
  4803 | D:5      | Reached skill level 7 in Dodging
  4955 | D:5      | Learned a level 5 spell: Bolt of Magma
  4963 | D:6      | Found a staircase to the Ecumenical Temple.
  4972 | Temple   | Entered the Ecumenical Temple
  4985 | Temple   | Became a worshipper of Sif Muna the Loreminder
  5417 | D:4      | Found an ancient bone altar of Kikubaaqudgha.
  5417 | D:4      | Found a shadowy altar of Dithmenos.
  5418 | D:4      | Found a shattered altar of Ashenzari.
  5479 | D:4      | Reached skill level 1 in Air Magic
  5533 | D:4      | Found a radiant altar of Vehumet.
  5568 | D:4      | Found a sparkling altar of Nemelex Xobeh.
  5618 | D:4      | Reached skill level 1 in Poison Magic
  6238 | D:5      | Reached XP level 8. HP: 25/41 MP: 0/25
  6380 | D:5      | Reached skill level 5 in Conjurations
  6554 | D:5      | Acquired Sif Muna's first power
  6984 | D:6      | Gained mutation: You are robust (+10% HP). [potion of beneficial mutation]
  7185 | D:7      | Noticed Ijyb
  7196 | D:7      | Killed Ijyb
  7653 | D:6      | Acquired Sif Muna's second power
  7815 | D:6      | Reached skill level 1 in Fire Magic
  7815 | D:6      | Reached skill level 1 in Earth Magic
  7990 | D:6      | Found Ysteq's Weapon Emporium.
  8158 | D:4      | Bought a pair of runed boots for 135 gold pieces
  8163 | D:4      | Identified a +2 pair of boots of running (You bought it in a shop on level 4 of the Dungeon)
  8216 | D:7      | Reached XP level 9. HP: 47/49 MP: 17/28
  8348 | D:6      | Found a shadowy altar of Dithmenos.
  8691 | D:6      | Noticed Eustachio
  8732 | D:6      | Killed Eustachio
  9219 | D:7      | Found Wubraron's General Store.
  9458 | D:7      | Reached skill level 8 in Spellcasting
  9567 | D:7      | Found Ulaujuom's General Store.
  9786 | D:7      | Noticed a hill giant
  9794 | D:7      | Killed a hill giant
  9794 | D:7      | Acquired Sif Muna's third power
  9794 | D:7      | Reached skill level 5 in Earth Magic
 10016 | D:8      | Gained mutation: You are resistant to electric shocks. [potion of beneficial mutation]
 10096 | D:8      | Found a shimmering altar of Xom.
 10205 | D:8      | Found a staircase to the Lair.
 10217 | D:9      | Noticed Prince Ribbit
 10470 | D:9      | Reached skill level 5 in Fire Magic
 10564 | D:9      | Killed Prince Ribbit
 10564 | D:9      | Reached XP level 10. HP: 55/55 MP: 11/30
 11181 | D:9      | Noticed Blork the orc
 11404 | D:9      | Killed Blork the orc
 11422 | D:9      | Reached skill level 9 in Spellcasting
 12294 | D:9      | Lost strength.
 12343 | D:10     | Entered Level 10 of the Dungeon
 12521 | D:9      | Found a deep blue altar of Sif Muna.
 12550 | D:9      | Noticed Maurice
 12559 | D:9      | Killed Maurice
 12783 | D:9      | Noticed Dowan
 12794 | D:9      | Noticed Duvessa
 12802 | D:9      | Killed Duvessa
 12815 | D:9      | Killed Dowan
 13187 | D:9      | Received a gift from Sif Muna
 13188 | D:9      | Identified Sif Muna's Incunabulum of the Compass (Sif Muna gifted it to you on level 9 of the Dungeon)
 13935 | D:9      | Reached skill level 1 in Evocations
 14255 | D:10     | Reached skill level 10 in Spellcasting
 14255 | D:10     | Reached skill level 1 in Invocations
 14255 | D:10     | Reached XP level 11. HP: 31/59 MP: 2/32
 15029 | D:10     | Noticed an unseen horror
 15041 | D:10     | Killed an unseen horror
 15670 | D:11     | Noticed a cyclops
 15675 | D:11     | Killed a cyclops
 15792 | D:12     | Found a flagged portal.
 15797 | Bailey   | Entered a bailey
 15935 | Bailey   | Learned a level 6 spell: Iron Shot
 16478 | Bailey   | Noticed an orc warlord
 16504 | Bailey   | Killed an orc warlord
 16765 | Bailey   | Reached skill level 11 in Spellcasting
 17081 | Bailey   | Gained mutation: Your muscles are strong. (Str +2) [potion of beneficial mutation]
 17082 | Bailey   | Gained mutation: You are somewhat resistant to further mutation. [potion of beneficial mutation]
 17125 | Bailey   | Received a gift from Sif Muna
 17126 | Bailey   | Identified Sif Muna's Papyrus of Fire and Conjuration (Sif Muna gifted it to you in a bailey)
 17137 | Bailey   | Learned a level 4 spell: Sticky Flame
 18064 | D:11     | Noticed an unseen horror
 18066 | D:11     | Killed an unseen horror
 18533 | D:11     | Noticed a hill giant
 18540 | D:11     | Killed a hill giant
 18540 | D:11     | Reached XP level 12. HP: 64/64 MP: 20/34
 18637 | D:11     | Noticed a manticore
 18642 | D:11     | Killed a manticore
 18642 | D:11     | Reached skill level 5 in Invocations
 19148 | D:11     | Noticed a hill giant
 19153 | D:11     | Killed a hill giant
 19364 | D:11     | Found a staircase to the Orcish Mines.
 19728 | Lair:1   | Entered Level 1 of the Lair of Beasts
 19767 | Lair:1   | Got a scorched bronze ring
 19769 | Lair:1   | Identified the ring of Adikad {Ice SInv} (You found it on level 1 of the Lair of Beasts)
 20012 | Lair:2   | Got a scintillating brass amulet
 20133 | Lair:2   | Identified the amulet of the Open Hand {Inacc +Fly rPois} (You found it on level 2 of the Lair of Beasts)
 20289 | Lair:1   | Noticed faibistes' ghost (powerful DEWz)
 20298 | Lair:1   | Killed faibistes' ghost
 20298 | Lair:1   | Reached skill level 12 in Spellcasting
 20776 | Lair:1   | Noticed a six-headed hydra
 20793 | Lair:1   | Killed a six-headed hydra
 20893 | Lair:1   | Reached skill level 5 in Evocations
 20935 | Lair:1   | Learned a level 6 spell: Bolt of Fire
 21477 | Lair:2   | Noticed a five-headed hydra
 21488 | Lair:2   | Killed a five-headed hydra
 22220 | Lair:2   | Learned a level 1 spell: Animate Skeleton
 23409 | Lair:4   | Received a gift from Sif Muna
 23412 | Lair:4   | Identified Sif Muna's Volume of Confrontation (Sif Muna gifted it to you on level 4 of the Lair of Beasts)
 24072 | Lair:2   | Learned a level 5 spell: Fireball
 24172 | Lair:4   | Reached skill level 10 in Conjurations
 24206 | Lair:4   | Reached XP level 13. HP: 62/69 MP: 14/36
 24320 | Lair:4   | Reached skill level 10 in Earth Magic
 24824 | Lair:4   | Found a staircase to the Swamp.
 26242 | Lair:5   | Reached skill level 10 in Fire Magic
 27275 | Lair:6   | Got a pair of smoking gloves
 27286 | Lair:6   | Identified the +0 pair of gloves "Griasaor" {rC- Str+9 Int+4} (You found it on level 6 of the Lair of Beasts)
 27996 | Lair:8   | Entered Level 8 of the Lair of Beasts
 28141 | Lair:6   | Reached skill level 13 in Spellcasting
 28145 | Lair:6   | Found a hole to the Spider Nest.
 29235 | Lair:7   | Reached skill level 10 in Dodging
 30524 | Lair:7   | Found a viscous altar of Jiyva.
 30525 | Lair:7   | Found a staircase to the Slime Pits.
 30975 | Lair:8   | Reached XP level 14. HP: 74/74 MP: 37/37
 31558 | Lair:8   | Received a gift from Sif Muna
 31559 | Lair:8   | Identified Sif Muna's Tome of Torrid Confrontation (Sif Muna gifted it to you on level 8 of the Lair of Beasts)
 31975 | Lair:8   | Reached skill level 10 in Invocations
 32202 | Lair:8   | Reached skill level 14 in Spellcasting
 34063 | Orc:1    | Entered Level 1 of the Orcish Mines
 34063 | Orc:1    | Noticed Joseph
 34066 | Orc:1    | Killed Joseph
 35289 | Orc:2    | Found Ummerph's Book Emporium.
 35380 | Orc:2    | Bought a book of Geomancy for 385 gold pieces
 35386 | Orc:2    | Learned a level 5 spell: Lee's Rapid Deconstruction
 35430 | Orc:3    | Found a staircase to the Elven Halls.
 35608 | Orc:4    | Entered Level 4 of the Orcish Mines
 35857 | Orc:4    | Found a roughly hewn altar of Beogh.
 36379 | Orc:3    | Received a gift from Sif Muna
 36380 | Orc:3    | Identified Bioggux's Incunabulum of Ignition and Battle Magic (Sif Muna gifted it to you on level 3 of the Orcish Mines)
 37575 | Orc:4    | Noticed an orc warlord
 37581 | Orc:4    | Killed an orc warlord
 38286 | Orc:4    | Found Geoste's Distillery.
 38287 | Orc:4    | Found Onlojoown's Distillery.
 38327 | Orc:4    | Reached skill level 15 in Spellcasting
 38875 | Orc:4    | Reached XP level 15. HP: 79/79 MP: 24/39
 39365 | Orc:4    | Found Qiuzimuch's Book Shoppe.
 39365 | Orc:4    | Found a one-way gate leading to the halls of Pandemonium.
 39367 | Orc:4    | Found Schiacvotu's Antique Weapon Emporium.
 39376 | Orc:4    | Bought a book of the Sky for 975 gold pieces
 39447 | Orc:4    | Reached skill level 1 in Fighting
 39583 | Orc:4    | Bought a potion of heal wounds for 75 gold pieces
 39583 | Orc:4    | Bought a potion of heal wounds for 75 gold pieces
 39583 | Orc:4    | Bought a potion of haste for 150 gold pieces
 39583 | Orc:4    | Bought a potion of magic for 120 gold pieces
 39585 | Orc:4    | Bought a potion of magic for 112 gold pieces
 40083 | Orc:4    | Learned a level 4 spell: Airstrike
 40092 | Orc:4    | Learned a level 6 spell: Deflect Missiles
 40215 | Elf:1    | Entered Level 1 of the Elven Halls
 40421 | Elf:1    | Noticed Roxanne
 40425 | Elf:1    | Killed Roxanne
 40458 | Elf:1    | Identified Roxanne's Handbook of the Rocks and Transmutation (You took it off Roxanne on level 1 of the Elven Halls)
 41462 | Elf:1    | Noticed faibistes' ghost (powerful DEWz)
 41465 | Elf:1    | Killed faibistes' ghost
 41465 | Elf:1    | Received a gift from Sif Muna
 41465 | Elf:1    | Reached skill level 1 in Charms
 41466 | Elf:1    | Identified Sif Muna's Collected Works on Destructive Feathers (Sif Muna gifted it to you on level 1 of the Elven Halls)
 41639 | Elf:2    | Reached skill level 16 in Spellcasting
 41795 | Elf:2    | Reached skill level 5 in Translocations
 42118 | Elf:1    | Identified the Handbook of Fiery Conjuration
 42512 | Elf:1    | Found Goduatt's General Store.
 42627 | Elf:1    | Reached skill level 5 in Charms
 42795 | Elf:1    | Noticed Erica
 42807 | Elf:1    | Killed Erica
 43707 | Elf:2    | Received a gift from Sif Muna
 43782 | Elf:2    | Identified Sif Muna's Incunabulum of Protection (Sif Muna gifted it to you on level 2 of the Elven Halls)
 43945 | Elf:2    | Reached XP level 16. HP: 91/91 MP: 40/40
 44436 | Elf:2    | Found a runed gate.
 44437 | Elf:2    | Found a runed gate.
 44437 | Elf:2    | Found a runed gate.
 45770 | Lair:2   | Learned a level 5 spell: Ignite Poison
 45889 | Spider:1 | Entered Level 1 of the Spider Nest
 46208 | Spider:1 | Noticed Rupert
 46215 | Spider:1 | Killed Rupert
 46215 | Spider:1 | Reached skill level 17 in Spellcasting
 46215 | Spider:1 | Reached skill level 1 in Transmutations
 46250 | Spider:1 | Your ally Rupert died
 46477 | Spider:2 | Received a gift from Sif Muna
 46478 | Spider:2 | Identified Sif Muna's Reference Book on Conjuration (Sif Muna gifted it to you on level 2 of the Spider Nest)
 48242 | Spider:3 | Noticed Snorg
 48254 | Spider:3 | Killed Snorg
 48268 | Spider:3 | Noticed Arachne
 48514 | Spider:2 | Killed Arachne
 48514 | Spider:2 | Reached XP level 17. HP: 60/99 MP: 4/42
 49190 | Spider:3 | Reached skill level 5 in Fighting
 49566 | Spider:2 | Reached skill level 5 in Transmutations
 50374 | Spider:4 | Received a gift from Sif Muna
 50376 | Spider:4 | Identified Wuntoiwa's Papyrus of Dislocation (Sif Muna gifted it to you on level 4 of the Spider Nest)
 50542 | Spider:5 | Entered Level 5 of the Spider Nest
 52041 | Spider:5 | Reached skill level 18 in Spellcasting
 53335 | Spider:5 | Received a gift from Sif Muna
 54022 | Spider:5 | Noticed Mara
 54112 | Spider:5 | Killed Mara
 55637 | Spider:5 | Got a gossamer rune of Zot
 56004 | Lair:2   | Learned a level 7 spell: Ring of Flames
 56051 | Swamp:1  | Entered Level 1 of the Swamp
 56201 | Swamp:1  | Noticed Frances
 56212 | Swamp:1  | Killed Frances
 56321 | Swamp:1  | Noticed Asterion
 56321 | Swamp:1  | Reached XP level 18. HP: 96/107 MP: 20/43
 56339 | Swamp:1  | Killed Asterion
 56626 | Swamp:1  | Reached skill level 19 in Spellcasting
 56842 | Swamp:1  | Received a gift from Sif Muna
 56843 | Swamp:1  | Identified Sif Muna's Disquisition on Protection (Sif Muna gifted it to you on level 1 of the Swamp)
 58322 | Swamp:2  | Reached skill level 10 in Translocations
 59988 | Swamp:3  | Noticed Louise
 59998 | Swamp:3  | Killed Louise
 60528 | Swamp:3  | Noticed Agnes
 60536 | Swamp:3  | Killed Agnes
 60801 | Swamp:3  | Noticed Saint Roka
 60807 | Swamp:3  | Killed Saint Roka
 61828 | Swamp:5  | Entered Level 5 of the Swamp
 61938 | Swamp:4  | Identified a scroll of acquirement
 62610 | Swamp:5  | Received a gift from Sif Muna
 62638 | Swamp:5  | Identified Sif Muna's Papyrus of Unholy Translocation (Sif Muna gifted it to you on level 5 of the Swamp)
 63882 | Swamp:5  | Noticed the 27-headed Lernaean hydra
 63890 | Swamp:5  | Killed the 27-headed Lernaean hydra
 63890 | Swamp:5  | Reached skill level 20 in Spellcasting
 64604 | Swamp:5  | Reached XP level 19. HP: 115/115 MP: 16/44
 65276 | Swamp:5  | Got a decaying rune of Zot
 65974 | Lair:2   | Learned a level 6 spell: Haste
 65982 | Lair:2   | Learned a level 7 spell: Controlled Blink
 66153 | Orc:2    | Bought the Tome of Freezing Confrontation for 506 gold pieces
 66160 | Orc:2    | Learned a level 6 spell: Poisonous Cloud
 66351 | D:12     | Found an opulent altar of Gozag.
 67159 | D:13     | Found Giefaid's Jewellery Shoppe.
 67178 | D:13     | Bought the ring of Truth {+Fly rElec Int+5} for 802 gold pieces
 68096 | D:15     | Entered Level 15 of the Dungeon
 68667 | D:14     | Received a gift from Sif Muna
 68668 | D:14     | Identified Vug Afy's Handbook of the Traveller (Sif Muna gifted it to you on level 14 of the Dungeon)
 68679 | D:14     | Found a gate to the Vaults.
 70034 | D:15     | Found a staircase to the Depths.
 70873 | Vaults:1 | Entered Level 1 of the Vaults
 70882 | Vaults:1 | Reached skill level 15 in Fire Magic
 71245 | Vaults:1 | Found a flickering gateway to a bazaar.
 71268 | Bazaar   | Entered a bazaar
 71284 | Bazaar   | Found Itwo's Armour Boutique.
 71284 | Bazaar   | Found Afiabuak's Gadget Shop.
 71304 | Bazaar   | Found Guitihur's Distillery.
 71309 | Bazaar   | Bought 2 potions of haste for 240 gold pieces
 71309 | Bazaar   | Bought a potion of heal wounds for 60 gold pieces
 71330 | Bazaar   | Found Vugot's Magic Scroll Boutique.
 71364 | Bazaar   | Bought a +0 cloak of poison resistance for 85 gold pieces
 71380 | Bazaar   | Bought the +1 pair of boots "Ycvuewe" {Int+4 Dex+3 SInv} for 354 gold pieces
 71498 | Bazaar   | Bought a scroll of recharging for 114 gold pieces
 71511 | Bazaar   | Bought a potion of cure mutation for 420 gold pieces
 72041 | Vaults:1 | Reached skill level 15 in Earth Magic
 72247 | Vaults:1 | Reached skill level 21 in Spellcasting
 72565 | Vaults:1 | Received a gift from Sif Muna
 72566 | Vaults:1 | Identified Xirail's Catalogue of Ashen Battle Magic (Sif Muna gifted it to you on level 1 of the Vaults)
 73749 | Vaults:2 | Reached XP level 20. HP: 123/123 MP: 8/45
 73749 | Vaults:2 | Reached skill level 15 in Conjurations
 74310 | Vaults:2 | Found Tris' Gadget Boutique.
 75591 | Vaults:2 | Received a gift from Sif Muna
 75621 | Vaults:2 | Learned a level 4 spell: Force Lance
 76536 | Vaults:3 | Reached skill level 22 in Spellcasting
 77118 | Vaults:3 | Found a staircase to the Crypt.
 79163 | Vaults:4 | Received a gift from Sif Muna
 79177 | Vaults:4 | Identified Sif Muna's Intricacies of Magic (Sif Muna gifted it to you on level 4 of the Vaults)
 79725 | Lair:2   | Learned a level 8 spell: Lehudib's Crystal Spear
 79909 | D:13     | Bought an uncursed ring of wizardry for 420 gold pieces
 80283 | Vaults:4 | Reached XP level 21. HP: 132/132 MP: 46/46
 82650 | Vaults:3 | Reached skill level 23 in Spellcasting
 82993 | Vaults:1 | Received a gift from Sif Muna
 82994 | Vaults:1 | Identified Sif Muna's Compendium of Viperous Confrontation (Sif Muna gifted it to you on level 1 of the Vaults)
 83409 | Depths:1 | Entered Level 1 of the Depths
 84010 | Depths:1 | Found a gateway to Hell.
 84158 | Depths:1 | Found a gateway to a ziggurat.
 84480 | Depths:1 | Found a corrupted altar of Lugonu.
 84480 | Depths:1 | Found a one-way gate to the infinite horrors of the Abyss.
 84557 | Depths:1 | Found a runed door.
 84674 | Depths:1 | Identified the Collected Works on Virous Confrontation
 85238 | Depths:2 | Noticed Margery
 85248 | Depths:2 | Killed Margery
 85531 | Depths:2 | Received a gift from Sif Muna
 85532 | Depths:2 | Identified Meimm's Incunabulum of Shifting Boosts (Sif Muna gifted it to you on level 2 of the Depths)
 85834 | Depths:2 | Reached skill level 10 in Fighting
 86047 | Depths:2 | Reached XP level 22. HP: 139/139 MP: 32/47
 86920 | Depths:2 | Identified the Incunabulum of Confrontation
 86935 | Depths:2 | Found a deep blue altar of Sif Muna.
 87138 | Depths:2 | Identified the Catalogue of the Pure Ghosts
 87162 | Depths:2 | Identified the Reference Book on the Excruciating Birds
 87165 | Depths:2 | Identified the Grimoire of Execration and the Frostbite
 87222 | Depths:2 | Got a vibrating platinum amulet
 87223 | Depths:2 | Identified the amulet "Khustour" {Clar -Tele rElec rN+ Str-5 Int+3} (You acquired it on level 2 of the Depths)
 87521 | Depths:2 | Reached skill level 24 in Spellcasting
 87919 | Depths:3 | Found a sparkling altar of Nemelex Xobeh.
 87926 | Depths:3 | Received a gift from Sif Muna
 87927 | Depths:3 | Identified Sif Muna's Incunabulum of Enhancements and Black Secrets (Sif Muna gifted it to you on level 3 of the Depths)
 89171 | Depths:4 | Found a runed door.
 89177 | Depths:4 | Found a runed door.
 89182 | Depths:4 | Found a runed door.
 89210 | Depths:4 | Found a runed door.
 89220 | Depths:4 | Got a coiled golden amulet
 89221 | Depths:4 | Identified the amulet "Ucachuq" {Gourm +Inv SInv} (You found it on level 4 of the Depths)
 89229 | Depths:4 | Got a faintly glowing spear
 89230 | Depths:4 | Identified the cursed +1 spear of Laceration {flame, rC- rN+ MR+ Str+4} (You found it on level 4 of the Depths)
 89241 | Depths:4 | Got a crystal dagger
 89242 | Depths:4 | Identified the +8 dagger of Shrofyulo {drain, +Fly} (You found it on level 4 of the Depths)
 89246 | Depths:4 | Got a translucent rapier
 89247 | Depths:4 | Identified the +6 rapier "Goezies" {flame, rC+ Int+3} (You found it on level 4 of the Depths)
 89479 | Depths:3 | Received a gift from Sif Muna
 89481 | Depths:3 | Identified Folil's Reference Book on Shape Shifting and Creation (Sif Muna gifted it to you on level 3 of the Depths)
 91327 | Depths:3 | Reached XP level 23. HP: 146/146 MP: 42/48
 92429 | Depths:4 | Found an opulent altar of Gozag.
 92558 | Depths:4 | Reached skill level 25 in Spellcasting
 92769 | Depths:4 | Received a gift from Sif Muna
 92770 | Depths:4 | Identified Sif Muna's Incunabulum of the Manifold Nights (Sif Muna gifted it to you on level 4 of the Depths)
 92795 | Depths:5 | Entered Level 5 of the Depths
 94912 | Depths:5 | Found a gate to the Realm of Zot.
 95030 | Depths:5 | Found Jainaeg's Weapon Emporium.
 95638 | Depths:5 | Received a gift from Sif Muna
 95696 | Depths:5 | Identified Sif Muna's Reference Book on Earthen Moulding (Sif Muna gifted it to you on level 5 of the Depths)
 97402 | Lair:2   | Learned a level 4 spell: Summon Lightning Spire
 97413 | Lair:2   | Learned a level 9 spell: Fire Storm
 97424 | Lair:2   | Learned a level 9 spell: Shatter
 97648 | Elf:3    | Entered Level 3 of the Elven Halls
 97910 | Elf:3    | Received a gift from Sif Muna
 97910 | Elf:3    | Reached XP level 24. HP: 133/154 MP: 20/49
 97911 | Elf:3    | Identified Lytrig's Volume of Summoning (Sif Muna gifted it to you on level 3 of the Elven Halls)
 98479 | Elf:3    | Got a twisted rapier
 98482 | Elf:3    | Identified the +11 rapier of Kismet {freeze, Str+2} (You took it off a deep elf death mage on level 3 of the Elven Halls)
 98486 | Elf:3    | Got a clouded bone ring
 98489 | Elf:3    | Got a shimmering rapier
 98490 | Elf:3    | Identified the +11 rapier of Bloodstone {flame, rN+ MP+9 Dex+4} (You took it off a deep elf death mage on level 3 of the Elven Halls)
 98505 | Elf:3    | Identified the ring "Quakufyl" {+Blink rElec rF- MR+ EV+6} (You took it off a deep elf death mage on level 3 of the Elven Halls)
 98540 | Elf:3    | Identified the Guide on Enhancements
 98566 | Elf:3    | Identified the Guide on Shifting Black Rites
 98570 | Elf:3    | Identified The Advanced Guide to Spellcraft
 98578 | Elf:3    | Got a scintillating bone amulet
 98579 | Elf:3    | Identified the amulet of the Stag {+Rage MP+9} (You found it on level 3 of the Elven Halls)
 98974 | Elf:3    | Noticed Enish's ghost (mighty DrMo)
 98976 | Elf:3    | Killed Enish's ghost
100133 | Orc:2    | Bought a Necronomicon for 1214 gold pieces
100301 | Lair:2   | Learned a level 6 spell: Freezing Cloud
100714 | Vaults:5 | Entered Level 5 of the Vaults
100716 | Vaults:5 | Reached skill level 1 in Necromancy
100716 | Vaults:5 | Reached skill level 26 in Spellcasting
100893 | Vaults:5 | Received a gift from Sif Muna
100893 | Vaults:5 | Reached skill level 1 in Ice Magic
101600 | Vaults:5 | Received a gift from Sif Muna
101692 | Vaults:4 | Reached skill level 5 in Ice Magic
101962 | Vaults:5 | Reached skill level 5 in Necromancy
102217 | Vaults:5 | Reached XP level 25. HP: 153/161 MP: 42/50
102776 | Vaults:5 | Identified Ghyigy's Volume of Hexes (Sif Muna gifted it to you on level 5 of the Vaults)
102776 | Vaults:5 | Identified Sif Muna's Incunabulum of the Oath (Sif Muna gifted it to you on level 5 of the Vaults)
102974 | Vaults:5 | Got a silver rune of Zot
103117 | Vaults:5 | Got a dazzling battleaxe
103118 | Vaults:5 | Identified the +7 battleaxe of Guylouch {flame, Stlth+} (You found it on level 5 of the Vaults)
103172 | Vaults:5 | Got a colourful robe
103183 | Vaults:5 | Identified the +2 robe of the Tick {Contam MP+9 Int+3} (You found it on level 5 of the Vaults)
103272 | Vaults:5 | Received a gift from Sif Muna
103279 | Vaults:5 | Identified Sif Muna's Grimoire of Bewitchment (Sif Muna gifted it to you on level 5 of the Vaults)
105027 | Vaults:4 | Reached skill level 27 in Spellcasting
106070 | Zot:1    | Entered Level 1 of the Realm of Zot
106350 | Zot:1    | Received a gift from Sif Muna
106352 | Zot:1    | Identified Bilophop's Papyrus of Shape Shifting (Sif Muna gifted it to you on level 1 of the Realm of Zot)
107860 | Zot:1    | Got an iridescent scimitar
107861 | Zot:1    | Identified the +6 scimitar of the World {holy, Noisy rElec rF+ MR- Str+4} (You found it on level 1 of the Realm of Zot)
107951 | Zot:2    | Reached skill level 10 in Ice Magic
108353 | Zot:2    | Received a gift from Sif Muna
108354 | Zot:2    | Identified Sif Muna's Reference Book on Malediction (Sif Muna gifted it to you on level 2 of the Realm of Zot)
108938 | Lair:2   | Learned a level 9 spell: Glaciate
110026 | Zot:2    | Reached XP level 26. HP: 167/167 MP: 50/50
111150 | Zot:3    | Received a gift from Sif Muna
111153 | Zot:3    | Identified Sif Muna's Disquisition on Slavery (Sif Muna gifted it to you on level 3 of the Realm of Zot)
112360 | Zot:4    | Received a gift from Sif Muna
112361 | Zot:4    | Identified Osados' Guide on Summoning and Snow (Sif Muna gifted it to you on level 4 of the Realm of Zot)
112378 | Zot:4    | Reached skill level 10 in Necromancy
113829 | Zot:4    | Received a gift from Sif Muna
113830 | Zot:4    | Identified Sif Muna's Disquisition on Attacks (Sif Muna gifted it to you on level 4 of the Realm of Zot)
113931 | Zot:4    | Got a dazzling cloak
114436 | Zot:4    | Identified the +0 cloak of Filth {rPois rF+ Regen+ Dex-2} (You found it on level 4 of the Realm of Zot)
115297 | Zot:5    | Entered Level 5 of the Realm of Zot
115675 | Zot:5    | Reached XP level 27. HP: 171/171 MP: 50/50
116253 | Lair:2   | Learned a level 8 spell: Necromutation
117135 | Zot:5    | Received a gift from Sif Muna
117766 | Zot:5    | Noticed an ancient lich
117770 | Zot:5    | Reached skill level 15 in Ice Magic
117772 | Zot:5    | Killed an ancient lich
117836 | Zot:5    | Noticed an orb of fire
117841 | Zot:5    | Killed an orb of fire
117841 | Zot:5    | Received a gift from Sif Muna
117898 | Zot:5    | Noticed an orb of fire
117900 | Zot:5    | Noticed an orb of fire
117904 | Zot:5    | Killed an orb of fire
117904 | Zot:5    | Killed an orb of fire
118093 | Zot:5    | Identified Sif Muna's Catalogue of Unholy Secrets and Benedictions (Sif Muna gifted it to you on level 5 of the Realm of Zot)
118099 | Zot:5    | Noticed an orb of fire
118108 | Zot:5    | Killed an orb of fire
118366 | Zot:5    | Received a gift from Sif Muna
118500 | Zot:5    | Identified Ulul's Papyrus of Supportive Protection (Sif Muna gifted it to you on level 5 of the Realm of Zot)
118542 | Zot:5    | Noticed an ancient lich
118543 | Zot:5    | Killed an ancient lich
119087 | Zot:5    | Noticed an ancient lich
119093 | Zot:5    | Killed an ancient lich
119093 | Zot:5    | Received a gift from Sif Muna
119399 | Hell     | Entered the Vestibule of Hell
119399 | Hell     | Noticed Geryon
119403 | Hell     | Noticed Murray
119405 | Hell     | Killed Geryon
119406 | Hell     | Killed Murray
119975 | Hell     | Received a gift from Sif Muna
120116 | Hell     | Identified Sif Muna's Reference Book on Companions (Sif Muna gifted it to you in the Vestibule of Hell)
120177 | Hell     | Found a gateway to the ashen valley of Gehenna.
120266 | Hell     | Found a gateway to the Iron City of Dis.
120348 | Hell     | Found a gateway to the freezing wastes of Cocytus.
120591 | Hell     | Found a gateway to the decaying netherworld of Tartarus.
121174 | Crypt:1  | Entered Level 1 of the Crypt
121320 | Crypt:1  | Noticed Xtahua
121322 | Crypt:1  | Killed Xtahua
121433 | Crypt:1  | Noticed Aizul
121441 | Crypt:1  | Killed Aizul
121803 | Crypt:2  | Received a gift from Sif Muna
121807 | Crypt:2  | Reached skill level 15 in Necromancy
121909 | Crypt:2  | Identified Sif Muna's Lost Tome of the Prophet (Sif Muna gifted it to you on level 2 of the Crypt)
123233 | Crypt:2  | Got an ebony short sword
123234 | Crypt:2  | Identified the +8 short sword "Froc" {venom, rN+ SInv} (You found it on level 2 of the Crypt)
123273 | Crypt:3  | Entered Level 3 of the Crypt
123301 | Crypt:3  | Received a gift from Sif Muna
123329 | Crypt:3  | Identified Sif Muna's Disquisition on Summoning (Sif Muna gifted it to you on level 3 of the Crypt)
124707 | Crypt:3  | Noticed an ancient lich
124708 | Crypt:3  | Killed an ancient lich
124708 | Crypt:3  | Received a gift from Sif Muna
124796 | Crypt:3  | Identified Sif Muna's Incunabulum of Warped Earth (Sif Muna gifted it to you on level 3 of the Crypt)
124892 | Crypt:3  | Found a staircase to the Tomb.
124904 | Crypt:3  | Identified the Compendium of Feathery Conjuration (You found it on level 3 of the Crypt)
125520 | Crypt:3  | Found a white marble altar of Elyvilon.
125568 | Crypt:3  | Identified Borgnjor's Papyrus of Sinister Rituals (You found it on level 3 of the Crypt)
125595 | Crypt:3  | Identified a +0 pair of boots of running (You found it on level 3 of the Crypt)
126647 | Slime:1  | Entered Level 1 of the Pits of Slime
126857 | Slime:5  | Received a gift from Sif Muna
126912 | Slime:6  | Entered Level 6 of the Pits of Slime
126932 | Slime:6  | Noticed pedritolo's ghost (powerful SpEn)
126933 | Slime:6  | Killed pedritolo's ghost
126942 | Slime:6  | Noticed the royal jelly
126945 | Slime:6  | Killed the royal jelly
127447 | Slime:6  | Identified Doazyc's Handbook of Cloudy Augmentations
127515 | Slime:6  | Got a slimy rune of Zot
127549 | Slime:6  | Got a coiled amber ring
127551 | Slime:6  | Identified the ring "Stror" {+Inv rPois rF+ rC- MP+9 Dex-4} (You found it on level 6 of the Pits of Slime)
127788 | Slime:5  | Identified Sif Muna's Catalogue of Unholy Secrets (Sif Muna gifted it to you on level 5 of the Pits of Slime)
127950 | Lair:2   | Learned a level 8 spell: Death's Door
128464 | Tomb:1   | Entered Level 1 of the Tomb of the Ancients
128695 | Tomb:1   | Received a gift from Sif Muna
128810 | Tomb:1   | Identified Sif Muna's Tome of Conjuration and Lightness (Sif Muna gifted it to you on level 1 of the Tomb of the Ancients)
128929 | Tomb:1   | Noticed an ancient lich
128931 | Tomb:1   | Killed an ancient lich
130414 | Tomb:2   | Received a gift from Sif Muna
130646 | Tomb:2   | Identified Sif Muna's Guide on Damaging Flight (Sif Muna gifted it to you on level 2 of the Tomb of the Ancients)
131565 | Tomb:1   | Received a gift from Sif Muna
131625 | Tomb:1   | Identified Sif Muna's Volume of Evil and Transformation (Sif Muna gifted it to you on level 1 of the Tomb of the Ancients)
132588 | Tomb:3   | Entered Level 3 of the Tomb of the Ancients
132591 | Tomb:3   | Received a gift from Sif Muna
132605 | Tomb:3   | Noticed an ancient lich
132767 | Tomb:3   | Killed an ancient lich
132768 | Tomb:3   | Reached skill level 15 in Invocations
133409 | Tomb:3   | Identified Sif Muna's Compendium of Conjuration (Sif Muna gifted it to you on level 3 of the Tomb of the Ancients)
133745 | Tomb:3   | Got a translucent ruby amulet
133746 | Tomb:3   | Identified the amulet "Tifabboe" {Clar rElec Str+3 Int-4 Dex-5 Slay+3} (You found it on level 3 of the Tomb of the Ancients)
133756 | Tomb:3   | Identified the Handbook of Aid
133768 | Tomb:3   | Got a scintillating amber ring
133769 | Tomb:3   | Identified the ring of Dishonour {Fire rPois rN+ Str-2} (You found it on level 3 of the Tomb of the Ancients)
133824 | Tomb:3   | Got a slimy falchion
133826 | Tomb:3   | Identified the +7 falchion of the Slime-mold {slice, rN++ Str+5 Dex-4} (You found it on level 3 of the Tomb of the Ancients)
133930 | Tomb:3   | Got a golden rune of Zot
133938 | Tomb:3   | Noticed Khufu
133942 | Tomb:3   | Killed Khufu
133942 | Tomb:3   | Received a gift from Sif Muna
134018 | Tomb:3   | Identified Sif Muna's Reference Book on Transmutation (Sif Muna gifted it to you on level 3 of the Tomb of the Ancients)
135043 | Depths:1 | Voluntarily entered the Abyss.
135197 | Abyss:2  | Found a corrupted altar of Lugonu.
135255 | Abyss:2  | Found a corrupted altar of Lugonu.
136328 | Abyss:2  | Received a gift from Sif Muna
136341 | Abyss:2  | Identified Sif Muna's Collected Works on Attacks and Envenoming (Sif Muna gifted it to you on level 2 of the Abyss)
136642 | Abyss:2  | Found a corrupted altar of Lugonu.
138019 | Abyss:3  | Paralysed by accursed screaming for 1 turns
138046 | Abyss:3  | Received a gift from Sif Muna
138304 | Abyss:3  | Got an abyssal rune of Zot
138631 | Depths:1 | Escaped the Abyss
138796 | Pan      | Entered Pandemonium
138919 | Pan      | Found an exit through the horrors of the Abyss.
139078 | Pan      | Found an exit through the horrors of the Abyss.
139164 | Pan      | Got a dazzling rapier
139165 | Pan      | Identified the +6 rapier of Klazuink {drain, +Inv Str+3 SInv} (You found it in Pandemonium)
139364 | Pan      | Found an exit through the horrors of the Abyss.
140221 | Pan      | Received a gift from Sif Muna
140281 | Pan      | Identified Susafoics' Handbook of Lucky Displacement (Sif Muna gifted it to you in Pandemonium)
140525 | Pan      | Found an exit through the horrors of the Abyss.
141179 | Pan      | Noticed Pupiunext the pandemonium lord
141184 | Pan      | Killed Pupiunext the pandemonium lord
141341 | Pan      | Found an exit through the horrors of the Abyss.
141391 | Pan      | Found an exit through the horrors of the Abyss.
141477 | Pan      | Noticed Zuumu the pandemonium lord
141483 | Pan      | Killed Zuumu the pandemonium lord
141483 | Pan      | Received a gift from Sif Muna
141896 | Pan      | Found a gateway to a ziggurat.
141967 | Pan      | Found an exit through the horrors of the Abyss.
141972 | Pan      | Entered the realm of Gloorx Vloq.
142451 | Pan      | Found an exit through the horrors of the Abyss.
142650 | Pan      | Found a gateway to a ziggurat.
142650 | Pan      | Noticed an ancient lich
142653 | Pan      | Killed an ancient lich
142653 | Pan      | Received a gift from Sif Muna
142658 | Pan      | Identified Sif Muna's Guide on Stolen Souls (Sif Muna gifted it to you in Pandemonium)
142848 | Pan      | Noticed Gloorx Vloq
142859 | Pan      | Killed Gloorx Vloq
142894 | Pan      | Got a dark rune of Zot
142976 | Pan      | Entered the realm of Lom Lobon.
142988 | Pan      | Noticed Lom Lobon
142998 | Pan      | Killed Lom Lobon
143118 | Pan      | Got a magical rune of Zot
143916 | Pan      | Noticed Jilem the pandemonium lord
143921 | Pan      | Killed Jilem the pandemonium lord
144076 | Pan      | Received a gift from Sif Muna
144098 | Pan      | Identified Sif Muna's Tome of Enhancements (Sif Muna gifted it to you in Pandemonium)
144416 | Pan      | Found an exit through the horrors of the Abyss.
144761 | Pan      | Found an exit through the horrors of the Abyss.
145019 | Pan      | Noticed Bryipo the pandemonium lord
145020 | Pan      | Killed Bryipo the pandemonium lord
145322 | Pan      | Found an exit through the horrors of the Abyss.
145645 | Pan      | Found an exit through the horrors of the Abyss.
145658 | Pan      | Entered the realm of Cerebov.
145685 | Pan      | Received a gift from Sif Muna
145834 | Pan      | Found an exit through the horrors of the Abyss.
146302 | Pan      | Noticed Cerebov
146319 | Pan      | Killed Cerebov
146457 | Pan      | Got an encrusted rapier
146458 | Pan      | Identified the +5 rapier "Phinye" {flame, Str+4 Int+4 SInv} (You found it in Pandemonium)
146480 | Pan      | Got a faintly glowing war axe
146481 | Pan      | Identified the +11 war axe "Gozemp" {flame, -Cast rPois Int+5 Stlth-} (You found it in Pandemonium)
146562 | Pan      | Got a fiery rune of Zot
146669 | Pan      | Found an exit through the horrors of the Abyss.
146706 | Pan      | Noticed Xetsiduq the pandemonium lord
146710 | Pan      | Killed Xetsiduq the pandemonium lord
146840 | Pan      | Noticed Jimeskyur the pandemonium lord
146843 | Pan      | Killed Jimeskyur the pandemonium lord
146843 | Pan      | Received a gift from Sif Muna
147315 | Pan      | Entered the realm of Mnoleg.
147326 | Pan      | Noticed Mnoleg
147333 | Pan      | Killed Mnoleg
147352 | Pan      | Found an exit through the horrors of the Abyss.
147398 | Pan      | Received a gift from Sif Muna
147467 | Pan      | Identified Sif Muna's Guide on Enhancements (Sif Muna gifted it to you in Pandemonium)
147569 | Pan      | Got a glowing rune of Zot
147685 | Pan      | Took an exit into the Abyss.
147685 | Abyss:1  | Escaped into the Abyss
147712 | Abyss:1  | Noticed an ancient lich
147850 | Abyss:1  | Noticed an ancient lich
148057 | Abyss:1  | Killed an ancient lich
148136 | Depths:3 | Escaped the Abyss
148289 | Coc:1    | Entered Level 1 of Cocytus
148767 | Coc:3    | Received a gift from Sif Muna
148788 | Coc:3    | Reached skill level 15 in Fighting
149106 | Coc:7    | Entered Level 7 of Cocytus
149485 | Coc:7    | Received a gift from Sif Muna
149808 | Coc:7    | Identified Sif Muna's Guide on Boosts (Sif Muna gifted it to you on level 7 of Cocytus)
149835 | Coc:7    | Noticed faibistes' ghost (legendary DEWz)
150323 | Coc:7    | Noticed Antaeus
150331 | Coc:7    | Slain by Antaeus

Action                   |  1- 3 |  4- 6 |  7- 9 | 10-12 | 13-15 | 16-18 | 19-21 | 22-24 | 25-27 || total
-------------------------+-------+-------+-------+-------+-------+-------+-------+-------+-------++-------
Melee: Unarmed           |     1 |       |       |       |       |       |       |       |       ||     1
       Dagger            |       |    21 |    70 |    35 |       |       |       |       |       ||   126
       Spear             |       |       |       |    39 |       |       |       |       |       ||    39
       Short sword       |       |       |       |    89 |     7 |       |       |       |       ||    96
       Staff             |       |       |       |       |    37 |       |     4 |     2 |     5 ||    48
 Cast: Magic Dart        |    88 |   144 |   432 |   530 |    19 |       |       |       |       ||  1213
       Call Imp          |     2 |     2 |       |       |       |       |       |       |       ||     4
       Mephitic Cloud    |     5 |    15 |    34 |    62 |    13 |     2 |       |       |       ||   131
       Conjure Flame     |       |     9 |    47 |   110 |    13 |       |       |       |       ||   179
       Repel Missiles    |       |     2 |     1 |     1 |       |       |       |       |       ||     4
       Blink             |       |     7 |    13 |    12 |    13 |    15 |     5 |       |       ||    65
       Bolt of Magma     |       |       |     2 |   123 |       |       |       |       |       ||   125
       Iron Shot         |       |       |       |     5 |    15 |   144 |    28 |       |       ||   192
       Sticky Flame      |       |       |       |    36 |   139 |     6 |       |       |       ||   181
       Bolt of Fire      |       |       |       |    25 |   169 |   218 |   389 |   253 |   561 ||  1615
       Animate Skeleton  |       |       |       |    19 |   225 |    55 |   219 |   104 |     7 ||   629
       Fireball          |       |       |       |     2 |   262 |    94 |    98 |    48 |       ||   504
       Lee's Rapid Decon |       |       |       |       |    99 |    47 |   149 |    62 |       ||   357
       Airstrike         |       |       |       |       |     4 |    56 |     6 |       |       ||    66
       Deflect Missiles  |       |       |       |       |     1 |     2 |     2 |     5 |     5 ||    15
       Ignite Poison     |       |       |       |       |       |   338 |    14 |       |       ||   352
       Ring of Flames    |       |       |       |       |       |     4 |     5 |    11 |    15 ||    35
       Poisonous Cloud   |       |       |       |       |       |       |    53 |    22 |       ||    75
       Lehudib's Crystal |       |       |       |       |       |       |    16 |    71 |   610 ||   697
       Force Lance       |       |       |       |       |       |       |     2 |    22 |    94 ||   118
       Controlled Blink  |       |       |       |       |       |       |     1 |     7 |    30 ||    38
       Haste             |       |       |       |       |       |       |     1 |     7 |    16 ||    24
       Fire Storm        |       |       |       |       |       |       |       |    32 |   838 ||   870
       Shatter           |       |       |       |       |       |       |       |    48 |   294 ||   342
       Freezing Cloud    |       |       |       |       |       |       |       |       |     3 ||     3
       Glaciate          |       |       |       |       |       |       |       |       |   163 ||   163
       Necromutation     |       |       |       |       |       |       |       |       |   341 ||   341
Invok: Channel Energy    |       |       |    27 |    59 |    74 |    93 |    67 |   130 |  3387 ||  3837
       Forget Spell      |       |       |       |     1 |     2 |     1 |     1 |     3 |       ||     8
 Abil: End Transformatio |       |       |       |       |       |       |       |       |     4 ||     4
Evoke: Wand              |       |       |     7 |     5 |       |       |       |     1 |    20 ||    33
  Use: Scroll            |       |       |    18 |    15 |     7 |    12 |    10 |    12 |    43 ||   117
       Potion            |       |       |     2 |     4 |     2 |     3 |     5 |     1 |     7 ||    24
 Stab: Confused          |       |     2 |     5 |     3 |       |       |       |       |       ||    10
       Sleeping          |       |       |     1 |     2 |       |       |       |       |       ||     3
  Eat: Chunk             |     3 |     7 |    20 |    64 |    92 |    61 |    60 |    59 |    19 ||   385
       Fruit             |       |       |     3 |     5 |     5 |    14 |    17 |     2 |     6 ||    52
       Pizza             |       |       |       |       |     3 |     2 |     1 |       |       ||     6
       Royal jelly       |       |       |       |       |       |     3 |     1 |     1 |     1 ||     6
       Beef jerky        |       |       |       |       |       |       |       |     1 |     4 ||     5
       Bread ration      |       |       |       |       |       |       |       |     3 |    11 ||    14
